TOP OF THE 1ST |
Chicago Machine batting - Pitching for Niagara Falls Frenzy : RHP Mark Head
|
Pitching: RHP Mark Head
|
|
Batting: LHB Francisco Vega
|
0-0: Foul Ball, location: 2F 0-1: Ground out U3 (Groundball, 3)
|
Batting: RHB Derek Ramsey
|
0-0: Called Strike 0-1: Ball 1-1: Swinging Strike 1-2: Ball 2-2: Ground out 5-3 (Groundball, 5L)
|
Batting: RHB Lorenzo Guzmán
|
0-0: Foul Ball, location: 2F 0-1: Foul Ball, location: 2F 0-2: Ball 1-2: Foul Ball, location: 2F 1-2: Ball 2-2: Foul Ball, location: 2F 2-2: Fly out, F8 (Popup, 89S)
|
Top of the 1st over - 0 run(s), 0 hit(s), 0 error(s), 0 left on base; Chicago 0 - Niagara Falls 0 |
BOTTOM OF THE 1ST |
Niagara Falls Frenzy batting - Pitching for Chicago Machine : RHP Nazih Kasib
|
Pitching: RHP Nazih Kasib
|
|
Batting: RHB Lawrence Schroeder
|
0-0: Ball 1-0: Foul Ball, location: 2F 1-1: Ground out 3-1 (Groundball, 34)
|
Batting: RHB Juan Carlos Rodríguez
|
0-0: Ball 1-0: Swinging Strike 1-1: Ball 2-1: Foul Ball, location: 2F 2-2: Ground out 4-3 (Groundball, 4)
|
Batting: LHB Dante Owens
|
0-0: Called Strike 0-1: Ball 1-1: Swinging Strike 1-2: Foul Ball, location: 2F 1-2: Foul Ball, location: 2F 1-2: Ball 2-2: Foul Ball, location: 2F 2-2: Ball 3-2: Base on Balls
|
Batting: LHB Donovan Bird
|
0-0: Ball 1-0: Ball 2-0: Ground out U3 (Groundball, 3L)
|
Bottom of the 1st over - 0 run(s), 0 hit(s), 0 error(s), 1 left on base; Chicago 0 - Niagara Falls 0 |
TOP OF THE 2ND |
Chicago Machine batting - Pitching for Niagara Falls Frenzy : RHP Mark Head
|
Batting: LHB Luis Sánchez
|
0-0: Foul Ball, location: 2F 0-1: Ball 1-1: SINGLE (Line Drive, 4)
|
Batting: LHB Bob Smith
|
0-0: Called Strike 0-1: Swinging Strike 0-2: Ball 1-2: Ball 2-2: Strikes out swinging
|
Batting: SHB Joaquín López
|
0-0: Ball 1-0: Foul Ball, location: 2F 1-1: Ball 2-1: Fly out, F7 (Flyball, 78M)
|
Batting: LHB Marcos Vargas
|
0-0: Ball 1-0: Ball 2-0: Ball 3-0: Called Strike 3-1: Fly out, F6 (Line Drive, 6M)
|
Top of the 2nd over - 0 run(s), 1 hit(s), 0 error(s), 1 left on base; Chicago 0 - Niagara Falls 0 |
BOTTOM OF THE 2ND |
Niagara Falls Frenzy batting - Pitching for Chicago Machine : RHP Nazih Kasib
|
Batting: SHB Ray Burgess
|
0-0: Foul Ball, location: 2F 0-1: Ground out 6-3 (Groundball, 6)
|
Batting: SHB Shumei Yokoyama
|
0-0: Foul Ball, location: 2F 0-1: Ball 1-1: SINGLE (Groundball, 56D)
|
Batting: LHB Seung-woo Yi
|
0-0: Ball 1-0: Ball 2-0: Ball 3-0: Called Strike 3-1: Called Strike 3-2: Grounds into double play, 4-6-3 (Groundball, 4)
|
Bottom of the 2nd over - 0 run(s), 1 hit(s), 0 error(s), 0 left on base; Chicago 0 - Niagara Falls 0 |
TOP OF THE 3RD |
Chicago Machine batting - Pitching for Niagara Falls Frenzy : RHP Mark Head
|
Batting: SHB Luis Muñóz
|
0-0: Called Strike 0-1: Ground out 6-3 (Groundball, 6M)
|
Batting: RHB Fabrice Brodeur
|
0-0: Ball 1-0: Ball 2-0: Called Strike 2-1: Called Strike 2-2: SINGLE (Line Drive, 34)
|
Batting: LHB Francisco Vega
|
0-0: Ball 1-0: Ball 2-0: Ball 3-0: Called Strike 3-1: Ground out 3-1 (Groundball, 34) Fabrice Brodeur to second
|
Batting: RHB Derek Ramsey
|
0-0: Ball 1-0: Called Strike 1-1: Ball 2-1: Ground out 3-1 (Groundball, 34)
|
Top of the 3rd over - 0 run(s), 1 hit(s), 0 error(s), 1 left on base; Chicago 0 - Niagara Falls 0 |
BOTTOM OF THE 3RD |
Niagara Falls Frenzy batting - Pitching for Chicago Machine : RHP Nazih Kasib
|
Batting: RHB Ángel Hinojosa
|
0-0: Ground out 5-3 (Groundball, 56)
|
Batting: RHB Cordell Gibson
|
0-0: Called Strike 0-1: Called Strike 0-2: Ball 1-2: Ball 2-2: Ground out 4-3 (Groundball, 4)
|
Batting: RHB Lawrence Schroeder
|
0-0: Ball 1-0: Ball 2-0: Foul Ball, location: 2F 2-1: Ball 3-1: Foul Ball, location: 2F 3-2: Strikes out swinging
|
Bottom of the 3rd over - 0 run(s), 0 hit(s), 0 error(s), 0 left on base; Chicago 0 - Niagara Falls 0 |
TOP OF THE 4TH |
Chicago Machine batting - Pitching for Niagara Falls Frenzy : RHP Mark Head
|
Batting: RHB Lorenzo Guzmán
|
0-0: Foul Ball, location: 2F 0-1: Swinging Strike 0-2: Ball 1-2: Strikes out swinging
|
Batting: LHB Luis Sánchez
|
0-0: Ground out 4-3 (Groundball, 4)
|
Batting: LHB Bob Smith
|
0-0: Ground out 4-3 (Groundball, 4)
|
Top of the 4th over - 0 run(s), 0 hit(s), 0 error(s), 0 left on base; Chicago 0 - Niagara Falls 0 |
BOTTOM OF THE 4TH |
Niagara Falls Frenzy batting - Pitching for Chicago Machine : RHP Nazih Kasib
|
Batting: RHB Juan Carlos Rodríguez
|
0-0: Foul Ball, location: 2F 0-1: Fly out, F9 (Flyball, 9M)
|
Batting: LHB Dante Owens
|
0-0: Ball 1-0: Foul Ball, location: 2F 1-1: Called Strike 1-2: Foul Ball, location: 2F 1-2: SINGLE (Line Drive, 4D)
|
Batting: LHB Donovan Bird
|
0-0: Ball 1-0: Swinging Strike Dante Owens is caught stealing 2nd base 1-1: Foul Ball, location: 2F 1-2: Ball 2-2: Foul Ball, location: 2F 2-2: Foul Ball, location: 2F 2-2: Ground out 6-3 (Groundball, 6M)
|
Bottom of the 4th over - 0 run(s), 1 hit(s), 0 error(s), 0 left on base; Chicago 0 - Niagara Falls 0 |
TOP OF THE 5TH |
Chicago Machine batting - Pitching for Niagara Falls Frenzy : RHP Mark Head
|
Batting: SHB Joaquín López
|
0-0: Ball 1-0: Called Strike 1-1: Called Strike 1-2: Ball 2-2: Ball 3-2: Strikes out swinging
|
Batting: LHB Marcos Vargas
|
0-0: Ball 1-0: Foul Ball, location: 2F 1-1: Ball 2-1: Called Strike 2-2: Ball 3-2: SINGLE (Line Drive, 3D)
|
Batting: SHB Luis Muñóz
|
0-0: Fly out, F3 (Popup, 4S)
|
Batting: RHB Fabrice Brodeur
|
0-0: Called Strike Marcos Vargas steals 2nd base 0-1: Ball 1-1: SINGLE (Line Drive, 4D) Marcos Vargas to third Runner from 3rd tries for Home, SAFE, no throw or cutoff
|
Batting: LHB Francisco Vega
|
0-0: Foul Ball, location: 2F 0-1: Ball 1-1: Ball 2-1: Fly out, F8 (Flyball, 8LD)
|
Top of the 5th over - 1 run(s), 2 hit(s), 0 error(s), 1 left on base; Chicago 1 - Niagara Falls 0 |
BOTTOM OF THE 5TH |
Niagara Falls Frenzy batting - Pitching for Chicago Machine : RHP Nazih Kasib
|
Batting: SHB Ray Burgess
|
0-0: Called Strike 0-1: Ball 1-1: Called Strike 1-2: Ball 2-2: Ball 3-2: Ground out 4-3 (Groundball, 4)
|
Batting: SHB Shumei Yokoyama
|
0-0: Called Strike 0-1: Ball 1-1: Foul Ball, location: 2F 1-2: Foul Ball, location: 2F 1-2: Ball 2-2: SINGLE (Groundball, 13) (infield hit)
|
Batting: LHB Seung-woo Yi
|
0-0: Ball 1-0: Swinging Strike 1-1: Swinging Strike 1-2: Foul Ball, location: 2F 1-2: Strikes out looking
|
Batting: RHB Ángel Hinojosa
|
0-0: Called Strike 0-1: Ball 1-1: Ball 2-1: 2-RUN HOME RUN (Flyball, 78XD), Distance : 398 ft
|
Batting: RHB Cordell Gibson
|
0-0: Foul Ball, location: 2F 0-1: Ground out 5-3 (Groundball, 5)
|
Bottom of the 5th over - 2 run(s), 2 hit(s), 0 error(s), 0 left on base; Chicago 1 - Niagara Falls 2 |
TOP OF THE 6TH |
Chicago Machine batting - Pitching for Niagara Falls Frenzy : RHP Mark Head
|
Batting: RHB Derek Ramsey
|
0-0: Foul Ball, location: 2F 0-1: Fly out, F4 (Popup, 4)
|
Batting: RHB Lorenzo Guzmán
|
0-0: Called Strike 0-1: Ball 1-1: Ball 2-1: Foul Ball, location: 2F 2-2: Ground out 6-3 (Groundball, 6)
|
Batting: LHB Luis Sánchez
|
0-0: Swinging Strike 0-1: Ball 1-1: Ball 2-1: Ball 3-1: Foul Ball, location: 2F 3-2: Base on Balls
|
Batting: LHB Bob Smith
|
0-0: Ball 1-0: Foul Ball, location: 2F 1-1: Ground out U3 (Groundball, 3)
|
Top of the 6th over - 0 run(s), 0 hit(s), 0 error(s), 1 left on base; Chicago 1 - Niagara Falls 2 |
BOTTOM OF THE 6TH |
Niagara Falls Frenzy batting - Pitching for Chicago Machine : RHP Nazih Kasib
|
Batting: RHB Lawrence Schroeder
|
0-0: Ball 1-0: Ball 2-0: Called Strike 2-1: Swinging Strike 2-2: Foul Ball, location: 2F 2-2: Strikes out looking
|
Batting: RHB Juan Carlos Rodríguez
|
0-0: Ball 1-0: Ball 2-0: Called Strike 2-1: Ball 3-1: Swinging Strike 3-2: Base on Balls
|
Batting: LHB Dante Owens
|
0-0: Called Strike 0-1: Foul Ball, location: 2F 0-2: DOUBLE (Line Drive, 89M) Juan Carlos Rodríguez to third
|
Batting: LHB Donovan Bird
|
0-0: Ball 1-0: Ball 2-0: Foul Ball, location: 2F 2-1: Ball 3-1: Foul Ball, location: 2F 3-2: Strikes out looking
|
Batting: SHB Ray Burgess
|
0-0: Called Strike 0-1: Ball 1-1: Called Strike 1-2: Ground out 4-3 (Groundball, 34)
|
Bottom of the 6th over - 0 run(s), 1 hit(s), 0 error(s), 2 left on base; Chicago 1 - Niagara Falls 2 |
TOP OF THE 7TH |
Chicago Machine batting - Pitching for Niagara Falls Frenzy : RHP Mark Head
|
Pitching: RHP Kimitada Takai
|
|
Batting: SHB Joaquín López
|
0-0: Called Strike 0-1: Foul Ball, location: 2F 0-2: Foul Ball, location: 2F 0-2: Ball 1-2: Fly out, F9 (Line Drive, 89S)
|
Batting: LHB Marcos Vargas
|
0-0: Foul Ball, location: 2F 0-1: Foul Ball, location: 2F 0-2: Strikes out looking
|
Batting: SHB Luis Muñóz
|
0-0: Called Strike 0-1: Ball 1-1: Ball 2-1: Ball 3-1: SINGLE (Groundball, 34D)
|
Batting: RHB Fabrice Brodeur
|
0-0: Called Strike 0-1: Reached on error, E4 (Groundball, 4) Luis Muñóz to third
|
Batting: LHB Francisco Vega
|
0-0: Ball 1-0: Called Strike 1-1: Ball 2-1: Swinging Strike 2-2: Foul Ball, location: 2F 2-2: Ball 3-2: SINGLE (Line Drive, 8RS) Luis Muñóz scores Fabrice Brodeur to third Fabrice Brodeur scores
|
Batting: RHB Derek Ramsey
|
0-0: Called Strike 0-1: Foul Ball, location: 2F 0-2: Ball 1-2: Strikes out swinging
|
Top of the 7th over - 2 run(s), 2 hit(s), 1 error(s), 1 left on base; Chicago 3 - Niagara Falls 2 |
BOTTOM OF THE 7TH |
Niagara Falls Frenzy batting - Pitching for Chicago Machine : RHP Nazih Kasib
|
Pitching: RHP Jorge Hernández
|
|
Batting: SHB Shumei Yokoyama
|
0-0: Swinging Strike 0-1: Swinging Strike 0-2: Foul Ball, location: 2F 0-2: Strikes out looking
|
Batting: LHB Seung-woo Yi
|
0-0: Ball 1-0: Foul Ball, location: 2F 1-1: Foul Ball, location: 2F 1-2: Ball 2-2: Foul Ball, location: 2F 2-2: Ball 3-2: Base on Balls
|
Pinch Hitting: LHB Clyde Yarbrough
|
0-0: Called Strike 0-1: Foul Ball, location: 2F 0-2: Ball 1-2: Foul Ball, location: 2F 1-2: Ball 2-2: Foul Ball, location: 2F 2-2: SINGLE (Groundball, 34D) Seung-woo Yi to second Runner from 2nd tries for 3rd, OUT! Clyde Yarbrough to second
|
Batting: RHB Cordell Gibson
|
0-0: Ball 1-0: Foul Ball, location: 2F 1-1: Ball 2-1: Foul Ball, location: 2F 2-2: Foul Ball, location: 2F 2-2: Foul Ball, location: 2F 2-2: Ball 3-2: Fly out, F7 (Line Drive, 7M)
|
Bottom of the 7th over - 0 run(s), 1 hit(s), 0 error(s), 1 left on base; Chicago 3 - Niagara Falls 2 |
TOP OF THE 8TH |
Chicago Machine batting - Pitching for Niagara Falls Frenzy : RHP Kimitada Takai
|
Now at SS: Bryce Hester
|
|
Batting: RHB Lorenzo Guzmán
|
0-0: Called Strike 0-1: Hit by Pitch
|
Batting: LHB Luis Sánchez
|
0-0: Ball 1-0: Called Strike Lorenzo Guzmán steals 2nd base 1-1: Ground out 3-1 (Groundball, 34) Lorenzo Guzmán to third
|
Batting: LHB Bob Smith
|
0-0: Ball 1-0: Swinging Strike 1-1: Ball 2-1: Ball 3-1: Ground out 6-3 (Groundball, 6)
|
Batting: SHB Joaquín López
|
0-0: Ball 1-0: Ball 2-0: Ball 3-0: Base on Balls
|
Batting: LHB Marcos Vargas
|
0-0: Called Strike 0-1: Foul Ball, location: 2F 0-2: Ball 1-2: Strikes out swinging
|
Top of the 8th over - 0 run(s), 0 hit(s), 0 error(s), 2 left on base; Chicago 3 - Niagara Falls 2 |
BOTTOM OF THE 8TH |
Niagara Falls Frenzy batting - Pitching for Chicago Machine : RHP Jorge Hernández
|
Pitching: LHP John Lane
|
|
Batting: RHB Lawrence Schroeder
|
0-0: Ground out 4-3 (Groundball, 34)
|
Pitching: RHP Jean Burrows
|
|
Batting: RHB Juan Carlos Rodríguez
|
0-0: Ball 1-0: Fly out, F9 (Flyball, 8RD)
|
Pitching: RHP Félix Rivera
|
|
Batting: LHB Dante Owens
|
0-0: Swinging Strike 0-1: Foul Ball, location: 2F 0-2: Ball 1-2: Ground out 6-3 (Groundball, 6M)
|
Bottom of the 8th over - 0 run(s), 0 hit(s), 0 error(s), 0 left on base; Chicago 3 - Niagara Falls 2 |
TOP OF THE 9TH |
Chicago Machine batting - Pitching for Niagara Falls Frenzy : RHP Kimitada Takai
|
Pitching: RHP Esteban Juárez
|
|
Batting: SHB Luis Muñóz
|
0-0: Called Strike 0-1: Ball 1-1: Ball 2-1: Swinging Strike 2-2: Fly out, F7 (Flyball, 78M)
|
Batting: RHB Fabrice Brodeur
|
0-0: Called Strike 0-1: Ball 1-1: Swinging Strike 1-2: Reached on error, E3 (Groundball, 3)
|
Batting: LHB Francisco Vega
|
0-0: Foul Ball, location: 2F 0-1: Foul Ball, location: 2F 0-2: Ball 1-2: Fielders Choice at 2nd, U6 (Groundball, 6M)
|
Batting: RHB Derek Ramsey
|
0-0: Ball 1-0: Ground out 1-3 (Groundball, 15)
|
Top of the 9th over - 0 run(s), 0 hit(s), 1 error(s), 1 left on base; Chicago 3 - Niagara Falls 2 |
BOTTOM OF THE 9TH |
Niagara Falls Frenzy batting - Pitching for Chicago Machine : RHP Félix Rivera
|
Pitching: RHP José García
|
|
Batting: LHB Donovan Bird
|
0-0: Called Strike 0-1: Foul Ball, location: 2F 0-2: Ball 1-2: Fly out, F9 (Flyball, 9D)
|
Batting: SHB Ray Burgess
|
0-0: Ball 1-0: Ball 2-0: Called Strike 2-1: SINGLE (Line Drive, 6D)
|
Batting: SHB Shumei Yokoyama
|
0-0: Called Strike 0-1: Ball 1-1: Called Strike 1-2: SINGLE (Groundball, 56D) Ray Burgess to second
|
Batting: LHB Seung-woo Yi
|
0-0: Called Strike 0-1: Ball 1-1: Ball 2-1: Swinging Strike 2-2: Grounds into double play, 6-4-3 (Groundball, 6M)
|
Bottom of the 9th over - 0 run(s), 2 hit(s), 0 error(s), 1 left on base; Chicago 3 - Niagara Falls 2 |
|